 Dungeon Crawl Stone Soup version 0.28-a0-1435-g82390b3a13 (webtiles) character file.

Game seed: 8236006855537971595

0 voltaire321 the Skirmisher (level 1, 0/20 HPs)
             Began as a Merfolk Wanderer on Jan 9, 2022.
             Slain by a hobgoblin (3 damage)
             ... on level 1 of the Dungeon.
             The game lasted 00:00:25 (197 turns).

voltaire321 the Skirmisher (Merfolk Wanderer)        Turns: 197, Time: 00:00:26

Health: 0/20       AC:  4    Str: 12    XL:     1   Next: 10%
Magic:  1/1        EV: 12    Int:  8    God:
Gold:   8          SH:  0    Dex: 16    Spells: 0/0 levels left

rFire   . . .      SeeInvis .   a - +0 rapier
rCold   . . .      Faith    .   (no shield)
rNeg    . . .      Spirit   .   e - +0 leather armour
rPois   .          Reflect  .   d - +0 helmet
rElec   .          Harm     .   (no cloak)
rCorr   .          Rampage  .   (no gloves)
Will    .....                   (no boots)
Stlth   +.........              (no amulet)
HPRegen 0.06/turn               (no ring)
MPRegen 0.07/turn               (no ring)

@: no status effects
A: (nimble swimmer 2), mertail
a: no special abilities


You were on level 1 of the Dungeon.
You visited 1 branch of the dungeon, and saw 1 of its levels.

You collected 8 gold pieces.

Inventory:

Hand Weapons
 a - a +0 rapier (weapon)
 b - a +0 hand crossbow
Missiles
 c - 22 bolts
Armour
 d - a +0 helmet (worn)
 e - a +0 leather armour (worn)
Scrolls
 f - a scroll of enchant armour {unknown}


   Skills:
 + Level 4.3 Fighting
 + Level 3.6 Short Blades
 + Level 1.0 Crossbows
 + Level 2.7 Dodging


You couldn't memorise any spells.
You didn't know any spells.
Your spell library was empty.

Dungeon Overview and Level Annotations

Branches:
Dungeon (1/15)

Altars:


Innate Abilities, Weirdness & Mutations

((You are very nimble when in or above water. (Stealth+, EV+, Speed+++)))
Your lower body shifts to a powerful aquatic tail in water.


Message History

The rat bites you but does no damage. The rat bites you but does no damage.
The rat misses you. The rat bites you but does no damage.
The rat bites you but does no damage. The rat closely misses you.
The rat barely misses you. The rat bites you. The rat closely misses you.
You puncture the rat!
You kill the rat!
HP restored.
A hobgoblin comes into view.
The hobgoblin hits you. The hobgoblin hits you. The hobgoblin hits you.
The hobgoblin barely misses you.
The hobgoblin hits you but does no damage.
The hobgoblin closely misses you. The hobgoblin hits you.
The hobgoblin hits you but does no damage.
The hobgoblin barely misses you. The hobgoblin barely misses you.
The hobgoblin hits you. The hobgoblin barely misses you.
The hobgoblin misses you. The hobgoblin barely misses you.
The hobgoblin hits you but does no damage.
The hobgoblin hits you. The hobgoblin hits you. The hobgoblin hits you.
* * * LOW HITPOINT WARNING * * *
The hobgoblin misses you. The hobgoblin hits you.
* * * LOW HITPOINT WARNING * * *
The hobgoblin barely misses you. The hobgoblin barely misses you.
The hobgoblin misses you. The hobgoblin hits you.
You die...

.# ######### ..#
........# ..###
.......g#.....#
.......@#.....#
..$.....#.....## ####
...............# #...
...............# #...
........#......######...
........+...........'...
........##+#...######...
.......†'...........'...
........##.#.#.###.##...


You could see a hobgoblin.

Vanquished Creatures
  A rat (D:1)
1 creature vanquished.

Notes
Turn   | Place    | Note
-------+----------+-------------------------------------------
     0 | D:1      | voltaire321 the Merfolk Wanderer began the quest for the
                  | Orb.
     0 | D:1      | voltaire321 set off with the following items: a +0 rapier,
                  | a +0 hand crossbow, 22 bolts, a +0 helmet, a +0 leather
                  | armour
     0 | D:1      | Reached XP level 1. HP: 20/20 MP: 1/1
   197 | D:1      | Slain by a hobgoblin

Illustrated notes

Levels and vault maps discovered:
D:1:      lightli_arrival_chessboard, layout_basic,
          shapermc_ecumenical_altar_totnotflames

Action                   || total
-------------------------++-------
Melee: Rapier            ||     1
Armor: Leather armour    ||     7
Dodge: Dodged            ||    22

Table legend: (Time is in decaauts)
 A = Elapsed time spent in this place.
 B = Non-inter-level travel time spent in this place.
 C = Inter-level travel time spent in this place.
 D = Time resting spent in this place.
 E = Time spent auto-exploring this place.
 F = Levels seen in this place.
 G = Mean time per level.
                   A        B        C        D        E       F      G
               +--------+--------+--------+--------+--------+-----+--------+
         Total |    197 |    197 |      0 |      0 |    142 |   1 |  197.0 |
       Dungeon |    197 |    197 |      0 |      0 |    142 |   1 |  197.0 |
               +--------+--------+--------+--------+--------+-----+--------+

Top non-repeatable levels by time:
     D:1: 197 daAuts
